Map: Lightshade LE

Players

Swrd - Winner!

  • Race: Terran Terran
  • League: Platinum
  • Spawn Location: 5:00

Massa

  • Race: Terran Terran
  • League: Platinum
  • Spawn Location: 11:00

VOD

Have the link to the VOD?

Description

Time

  • Played on: Jan. 13, 2021, 12:34 p.m.
  • Length: 16:56
Show
View Real Time Build Order
Export as new Build Order

Swrd Terran - Winner!

Build Orders:  

Get SALT Encoding   

  12  0:00  SCV  
  13  0:12  SCV  
  14  0:17  Supply Depot  
  14  0:24  SCV  
  15  0:38  SCV  
  15  0:39  Barracks  
  16  0:45  Refinery  
  16  0:56  SCV  
  17  1:02  Refinery  
  17  1:08  SCV  
  18  1:20  SCV  
  19  1:26  Supply Depot  
  19  1:27  Reaper  
  19  1:32  SCV  
  21  1:44  SCV  
  22  1:55  Barracks  
  22  1:56  Orbital Command  
  22  2:00  Reaper  
  23  2:22  Command Center  
  22  3:11  SCV, Barracks  
  22  3:12  Barracks  
  23  3:13  Barracks  
  23  3:14  Barracks  
  23  3:23  SCV, Factory  
  24  3:30  Barracks Tech Lab  
  24  3:35  SCV  
  25  3:43  Barracks Reactor  
  25  3:47  SCV  
  26  3:49  Stimpack  
  26  3:55  SCV  
  27  3:59  Barracks Reactor x2  
  27  4:02  Barracks Tech Lab  
  27  4:08  Barracks Reactor  
  27  4:09  Orbital Command  
  27  4:17  Refinery  
  27  4:19  Marine  
  28  4:31  Marine x2  
  28  4:36  Siege Tank  
  28  4:37  Marine, Supply Depot  
  34  4:38  Barracks Tech Lab  
  34  4:44  SCV  
  35  4:49  Marine x2  
  35  4:50  Marine x2  
  39  4:55  Marine  
  39  4:56  SCV, Combat Shield  
  39  4:58  SCV  
  42  5:06  Marine  
  43  5:08  SCV  
  43  5:10  SCV  
  45  5:15  Starport  
  45  5:19  Marine  
  45  5:20  SCV, Marine x3  
  50  5:32  SCV  
  50  5:33  SCV  
  51  5:44  SCV  
  51  5:46  SCV  
  51  5:47  Marine  
  54  5:54  Starport Reactor  
  54  6:02  SCV x2, Marine x5  
  61  6:08  Siege Tank  
  64  6:14  SCV x2  
  64  6:16  Supply Depot  
  66  6:18  Marine  
  66  6:22  Marine  
  66  6:23  Marine x3  
  71  6:27  Marine  
  71  6:28  Marine x3  
  75  6:40  Siege Tank  
  75  6:44  Command Center  
  75  6:46  Medivac  
  80  7:00  Engineering Bay x2  
  80  7:01  Marine  
  81  7:04  Armory  
  81  7:05  SCV x2  
  83  7:12  Siege Tank  
  86  7:24  Refinery  
  86  7:29  Supply Depot  
  86  7:36  Supply Depot  
  86  7:46  Supply Depot  
  86  7:50  Marine x3  
  86  7:51  SCV x2, Siege Tank  
  94  7:55  Marine x7, Terran Infantry Weapons Level 1  
  94  7:56  Terran Infantry Armor Level 1  
  101  8:03  SCV x2  
  103  8:08  Marine  
  103  8:09  Marauder  
  106  8:13  Marine x4  
  106  8:14  Marine  
  106  8:15  SCV, Marine x3  
  106  8:18  SCV  
  116  8:23  Planetary Fortress  
  116  8:26  Marine  
  117  8:30  Marine  
  117  8:31  Marine x4  
  117  8:32  Marine  
  121  9:14  Marine  
  121  9:15  Marine x9  
  126  9:32  Marine  
  126  9:33  Marine x6  
  133  9:40  Supply Depot x2  
  133  9:41  Supply Depot  
  133  9:48  Marine x3  
  133  9:50  Marine  
  133  9:51  Marine x6  
  124  9:59  Siege Tank  
  119  10:06  Marine x3  
  121  10:08  Marine x7  
  98  10:31  Siege Tank  
  92  10:44  Medivac  
  92  10:45  Medivac  
  92  10:46  SCV x3  
  99  10:50  Terran Infantry Weapons Level 2  
  99  10:53  Supply Depot  
  99  10:57  Supply Depot  
  99  10:58  SCV x2  
  99  10:59  SCV  
  99  11:03  Marine, Siege Tank  
  103  11:04  Marine x9  
  103  11:10  SCV  
  113  11:14  Medivac  
  113  11:15  Medivac  
  113  11:17  Supply Depot  
  117  11:18  Command Center  
  117  11:21  Marine  
  117  11:22  Marine x9  
  90  11:35  Siege Tank  
  90  11:39  Marine  
  94  11:40  Terran Infantry Armor Level 2, Marine x9  
  94  11:44  Medivac  
  103  11:48  Refinery  
  103  11:50  Refinery  
  103  11:57  Marine x5  
  103  11:58  Marine x5  
  113  12:07  Siege Tank  
  115  12:15  Marine x6  
  94  12:30  Marine x4  
  94  12:33  Marine x6  
  94  12:36  Medivac  
  106  12:48  Marine x4  
  106  12:50  Marine  
  106  12:51  Marine x5  
  108  12:53  Barracks x2  
  113  13:05  Marine  
  113  13:06  Marine x3  
  113  13:08  Marine  
  113  13:09  Marine x3  
  110  13:38  Marine x3  
  110  13:40  Marine, Siege Tank  
  110  13:41  Marine x5  
  120  13:42  Terran Infantry Weapons Level 3  
  108  14:12  Siege Tank  
  104  14:20  Marine x3  
  107  14:26  Marine x7  
  114  14:37  Marine  
  114  14:38  Marine x2  
  116  14:43  Marine  
  116  14:44  Marine x6, Siege Tank  
  122  14:55  Marine  
  122  14:56  Marine x2  
  125  15:01  Marine  
  125  15:02  Marine x6  
  131  15:13  Marine x2  
  131  15:14  Marine  
  134  15:19  Marine x2  
  134  15:20  Marine x5  
  134  15:31  Marine x3  
  122  15:37  Marine x2  
  118  15:46  Marine  
  118  15:47  Marine x4  
  118  15:49  Marine x3, Siege Tank  
  127  15:55  Marine x2  
  129  16:04  Marine  
  129  16:05  Marine x4  
  129  16:07  Marine x3  
  137  16:13  Marine x2  
  131  16:21  Siege Tank  
  131  16:22  Marine x5  
  131  16:24  Marine  
  131  16:25  Marine x2  
  120  16:31  Marine x2  
Show
View Real Time Build Order
Export as new Build Order

Massa Terran 

Build Orders: Reaper Expand 

Get SALT Encoding   

  12  0:00  SCV  
  13  0:12  SCV  
  14  0:18  Supply Depot  
  14  0:24  SCV  
  15  0:40  SCV  
  15  0:41  Barracks  
  16  0:47  Refinery  
  16  0:52  SCV  
  17  1:04  SCV  
  18  1:16  SCV  
  19  1:30  Orbital Command  
  19  1:32  Reaper  
  20  1:45  Command Center  
  20  1:51  Refinery  
  20  2:02  SCV  
  20  2:03  Supply Depot  
  20  2:06  Marine  
  22  2:14  SCV  
  23  2:29  Barracks  
  23  2:30  Supply Depot  
  21  2:50  Barracks Tech Lab  
  21  3:06  Orbital Command  
  21  3:09  SCV  
  22  3:13  Marauder  
  22  3:14  Stimpack  
  24  3:21  SCV  
  24  3:22  Factory  
  24  3:26  Barracks Reactor  
  25  3:32  SCV  
  25  3:34  SCV  
  27  3:39  Engineering Bay  
  27  3:44  SCV  
  27  3:45  Marine  
  27  3:46  SCV  
  30  3:56  SCV  
  30  3:59  SCV  
  32  4:08  SCV  
  33  4:11  SCV  
  33  4:12  Factory Tech Lab  
  34  4:17  Marine x2  
  34  4:19  Marauder  
  34  4:20  SCV  
  34  4:23  SCV  
  40  4:25  Barracks  
  40  4:28  Terran Infantry Weapons Level 1  
  40  4:33  SCV  
  40  4:35  Marine x2, Siege Tank  
  46  4:40  SCV  
  46  4:41  Marauder  
  49  4:48  Starport  
  49  4:54  Bunker  
  49  4:57  Marine x2  
  51  5:01  Combat Shield  
  51  5:02  Marauder  
  53  5:14  Supply Depot  
  53  5:15  Marine  
  54  5:36  Marauder, Siege Tank  
  54  5:37  Barracks Tech Lab, Marine x2  
  61  5:49  Missile Turret  
  61  5:52  Missile Turret  
  61  5:55  Marine  
  62  6:09  Refinery  
  62  6:10  Refinery  
  62  6:20  Concussive Shells  
  62  6:23  Terran Infantry Armor Level 1  
  62  6:35  Command Center  
  62  6:55  Supply Depot x2  
  62  6:56  Supply Depot x2  
  62  6:58  Supply Depot  
  62  7:05  Armory  
  62  7:16  Marine, Medivac, Siege Tank  
  62  7:17  SCV x2, Marauder, Marine  
  62  7:19  Supply Depot  
  62  7:20  Supply Depot  
  73  7:29  SCV x2  
  75  7:41  SCV x2  
  76  7:46  Medivac  
  76  7:50  Starport  
  78  7:53  SCV x2  
  80  8:05  SCV x2  
  80  8:06  Planetary Fortress  
  82  8:17  Marauder x2, Marine x2  
  82  8:18  SCV x2, Siege Tank  
  93  8:20  Medivac  
  95  8:30  SCV  
  96  8:34  Marine  
  96  8:35  Marine  
  96  8:38  Marauder x2  
  96  8:40  Barracks, Terran Infantry Weapons Level 2  
  102  8:41  Barracks  
  102  8:45  SCV x2  
  102  8:46  SCV  
  105  8:52  Marine x2  
  107  8:57  SCV  
  107  8:58  SCV  
  107  8:59  Marauder x2  
  113  9:09  SCV  
  114  9:10  SCV  
  114  9:15  Liberator  
  113  9:18  Starport Tech Lab  
  113  9:21  Marauder, Siege Tank  
  115  9:46  Command Center  
  113  9:56  Siege Tank  
  113  9:57  Marauder x2, Marine x2  
  116  10:06  Liberator  
  103  10:15  Marine x2  
  103  10:18  Marauder x2  
  87  10:25  Marine x2  
  87  10:27  Medivac  
  84  10:33  Marine x2  
  86  10:40  Marauder x2  
  84  10:43  Marine x2, Siege Tank  
  84  10:49  Medivac  
  91  10:50  Marine x2  
  93  10:57  Liberator  
  93  10:59  SCV x2  
  93  11:01  Marauder x2, Marine x2  
  104  11:05  Planetary Fortress  
  104  11:08  Marine x2  
  106  11:11  SCV  
  106  11:12  SCV  
  106  11:15  Siege Tank  
  111  11:19  Marine x2  
  111  11:22  Marauder  
  111  11:23  Marauder  
  111  11:24  SCV  
  99  11:40  Marine  
  99  11:41  Marine x3  
  99  11:44  Marauder x2  
  107  11:55  Siege Tank  
  107  11:58  Marine x4  
  114  12:05  Marauder x2  
  114  12:16  Marine x4  
  106  12:27  Marauder x2, Siege Tank  
  107  12:32  Medivac  
  107  12:33  Marine, Medivac  
  107  12:34  Marine x3  
  115  12:48  Marauder x2  
  111  12:57  Barracks Reactor, Barracks Tech Lab, Marine  
  111  12:58  Marine  
  113  12:59  Siege Tank  
  113  13:00  SCV x2  
  113  13:02  Refinery, Medivac  
  113  13:03  Refinery, Medivac  
  122  13:09  Terran Infantry Weapons Level 3, Marauder x2  
  126  13:13  Engineering Bay  
  126  13:15  Marine x2  
  126  13:16  Armory, Command Center  
  102  13:28  Command Center  
  102  13:31  Marauder x2  
  102  13:33  Marine x2  
  106  13:38  Sensor Tower  
  106  13:51  Marine  
  106  13:52  Marauder  
  106  13:54  Sensor Tower  
  81  14:30  Planetary Fortress  
  81  14:34  Liberator x2  
  81  14:37  Marauder x3, Marine  
  81  14:38  Marine x3  
  75  14:55  Marine  
  75  14:56  Marine x3, Siege Tank  
  75  14:58  Marauder  
  75  14:59  Marauder x2  
  76  15:09  Factory  
  76  15:13  Marine  
  76  15:14  Marine x3  
  73  15:19  Marine  
  73  15:20  Marauder, Marine  
  80  15:28  Siege Tank  
  75  15:31  Marine  
  75  15:34  Marine  
  75  15:35  Marine x2  
  65  15:38  Marauder x2  
  65  15:41  Marauder  
  70  15:49  Marine  
  71  15:52  Marine x2  
  71  15:53  Marine  
  74  15:59  Marauder x2  
  74  16:00  Command Center, Siege Tank  
  74  16:02  Marine  
  81  16:07  Marine  
Tags
 
Matchup
TvT
Race
Terran
Replay Pack
Multiplayer
Spawn Locations
Cross Positions
Add a new tag
Caveats
  • Supply blocks, unpowered buildings, or Contaminate may cause inaccurate times.
  • Supply counts are checked every 10 seconds.